[Event "elllobregat Open Chess TnmT- 2nd Edition 2021"]
[Site "Castelldefels, Spain"]
[Date "2021.12.06"]
[Round "7.1"]
[White "Safarli, Eltaj"]
[Black "Santos Latasa, Jaime"]
[Result "1/2-1/2"]
[TimeControl "90min/40moves + 30min/end + 30sec increment per move starting from move 1"]
[WhiteTitle "GM"]
[BlackTitle "GM"]
[WhiteFideId "13402129"]
[BlackFideId "2293307"]
[WhiteElo "2579"]
[BlackElo "2633"]

1. e4 e5 2. Nf3 Nc6 3. Bc4 Nf6 4. d3 Bc5 5. Nc3 a6 6. Bg5 h6 7. Bxf6 Qxf6 8. Nd5 Qd8 9. c3 d6 10.
d4 Ba7 11. dxe5 Nxe5 12. Nxe5 dxe5 13. Qh5 O-O 14. Qxe5 Re8 15. Qf4 Qd6 16. Qxd6 Rxe4+ 17. Ne3 cxd6 18. Bd5 Re7 19. O-O-O Bxe3+ 20. fxe3 Be6 21. Bf3 Rd8 22. a4 a5 23. Rd4 Kf8 24. Rhd1 Red7 25. Bd5 Ke7 26. Rf1 b6 27. Re4 Rc7 28. h4 Re8 29. Bxe6 fxe6 30. Rg4 Kd8 31.
Rg6 Rd7 32. Rf4 Kc7 33. Rfg4 Ree7 34. Rc4+ Kb7 35. Rf4 Kc7 36. Rc4+ Kb7 37. Rf4 Kc7 38. Kd2 d5 39. e4 d4 40.
e5 dxc3+ 41. Kxc3 Rd5 42. Rfg4 Rxe5 43. Rxg7 1/2-1/2

[Event "elllobregat Open Chess TnmT- 2nd Edition 2021"]
[Site "Castelldefels, Spain"]
[Date "2021.12.06"]
[Round "7.2"]
[White "Erigaisi, Arjun"]
[Black "Aditya, Mittal"]
[Result "1/2-1/2"]
[TimeControl "90min/40moves + 30min/end + 30sec increment per move starting from move 1"]
[WhiteTitle "GM"]
[BlackTitle "IM"]
[WhiteFideId "35009192"]
[BlackFideId "35042025"]
[WhiteElo "2627"]
[BlackElo "2459"]

1. Nf3 d5 2. d4 Nf6 3. Bf4 c5 4. e3 Nc6 5. Nbd2 Nh5 6. Be5 e6 7. Bb5 f6 8. Bg3 g6 9. c4 Nxg3 10. hxg3 cxd4 11. exd4 a6 12. Bxc6+ bxc6 13. Qc2 Kf7 14. O-O-O Qa5 15. Kb1 e5 16. Nh4 e4 17. g4 Be6 18. f3 Bb4 19. Nb3 Qa4 20. fxe4 dxc4 21. d5 Bxg4 22. Qxc4 Qb5 23.
Rc1 Be2 24. Qxc6 Rhe8 25. Nf3 Qxc6 26. Rxc6 Bd3+ 27. Ka1 Bxe4 28. Rxh7+ Kg8 29. Rhc7 Bxf3 30. gxf3 Re1+ 31. Rc1 Rd8 32.
a3 Rxc1+ 33. Rxc1 Bd6 34. Na5 Kf7 35. Ka2 Be5 36.
Rd1 Rh8 37. d6 Rh2 38. Nc4 Ke8 39. Rd5 Kd7 40. Nxe5+ fxe5 41.
Rxe5 Rf2 42. Re7+ Kxd6 43. Rg7 Rg2 44. Ra7 Ke5 45. Rxa6 Rg3 46. a4 g5 47. Rg6 Kd4 48. b3 Kc5 49. Ka3 Rxf3 50. Rxg5+ Kb6 51. a5+ Kc6 52. Ka4 Rf1 53. Rg6+ Kb7 54.
b4 Rf5 55. a6+ Ka7 56. b5 Rf7 57. Ka5 Rf5 58. Rg7+ Kb8 59. Rd7 Rh5 60. Kb6 Rh6+ 61. Kc5 Rh1 62. Kc6 Rc1+ 63. Kb6 Rc8 64.
a7+ Ka8 65. Rd6 Rh8 66. Kc7 Rh7+ 67. Rd7 Rh5 68. Kc6 Rc5+ 1/2-1/2

[Event "elllobregat Open Chess TnmT- 2nd Edition 2021"]
[Site "Castelldefels, Spain"]
[Date "2021.12.06"]
[Round "7.3"]
[White "Karthikeyan, Murali"]
[Black "Meshkovs, Nikita"]
[Result "1/2-1/2"]
[TimeControl "90min/40moves + 30min/end + 30sec increment per move starting from move 1"]
[WhiteTitle "GM"]
[BlackTitle "GM"]
[WhiteFideId "5074452"]
[BlackFideId "11602740"]
[WhiteElo "2630"]
[BlackElo "2557"]

1. e4 e5 2. Nf3 Nc6 3. Bb5 a6 4. Ba4 Nf6 5. O-O Nxe4 6. d4 b5 7. Bb3 d5 8. dxe5 Be6 9. Be3 Be7 10. c3 Nc5 11. Bc2 Nd7 12. Nbd2 Ndxe5 13. Nxe5 Nxe5 14. f4 Ng4 15. Bd4 Nf6 16. Qe2 O-O 17.
Qd3 g6 18. f5 Bc8 19. Qe3 c5 20. Bxc5 Bxc5 21. Qxc5 d4 22. Ne4 Nxe4 23. Bxe4 Rb8 24. Rad1 Qg5 25. Rxd4 Re8 26. h4 Qg3 27. Bc6 Bb7 28. Bxb7 Rxb7 29. Qd6 Qxd6 30. Rxd6 b4 31. c4 b3 32. Rxa6 bxa2 33. Rxa2 gxf5 34. Rxf5 Reb8 35. c5 Rc7 36. h5 h6 37. Ra6 Kg7 38. Ra2 Rb5 39. Kf2 Rcxc5 40. Rxc5 Rxc5 41. b4 Rxh5 42. Rb2 Rb5 43. Ke3 Kf8 44. Kd4 Ke7 45. Kc4 Rb8 46. Kc5 Kd7 47. b5 Kc7 48. b6+ Kb7 49. Rd2 Rc8+ 50. Kb5 Rc3 51. Rd7+ Kb8 52. g4 Rg3 53. Rd4 Kb7 54. Rf4 f6 55. Kc4 Rh3 56. Rxf6 Rh4 57. Kb5 Rxg4 58. Rf7+ 1/2-1/2

[Event "elllobregat Open Chess TnmT- 2nd Edition 2021"]
[Site "Castelldefels, Spain"]
[Date "2021.12.06"]
[Round "7.4"]
[White "Beerdsen, Thomas"]
[Black "Abdusattorov, Nodirbek"]
[Result "0-1"]
[TimeControl "90min/40moves + 30min/end + 30sec increment per move starting from move 1"]
[WhiteTitle "IM"]
[BlackTitle "GM"]
[WhiteFideId "1030108"]
[BlackFideId "14204118"]
[WhiteElo "2484"]
[BlackElo "2646"]

1. e4 c6 2. d4 d5 3. Nd2 dxe4 4. Nxe4 Bf5 5. Ng3 Bg6 6. h4 h6 7. Nf3 Nd7 8. h5 Bh7 9. Bd3 Bxd3 10.
Qxd3 e6 11. Bd2 Ngf6 12. O-O-O Be7 13. Kb1 O-O 14. Ne4 c5 15. Nxf6+ Nxf6 16. Be3 Rc8 17. Ne5 Qc7 18. c3 Nd5 19.
Ka1 c4 20. Qe2 b5 21. Rh3 b4 22. Rg3 Kh7 23. Bd2 bxc3 24. Bxc3 Bd6 25. Qg4 Rg8 26. Qe4+ f5 27. Qc2 Bxe5 28.
dxe5 Rgd8 29. a3 Rd7 30. Qa4 Qb7 31. Rd4 Rb8 32. Qc2 Qa6 33. Rg6 Rb3 34. Rxd5 Rxd5 35. Rg3 Qa4 36. Qe2 Rd1+ 0-1

[Event "elllobregat Open Chess TnmT- 2nd Edition 2021"]
[Site "Castelldefels, Spain"]
[Date "2021.12.06"]
[Round "7.5"]
[White "Sethuraman, S.P."]
[Black "Karthik, Venkataraman"]
[Result "1/2-1/2"]
[TimeControl "90min/40moves + 30min/end + 30sec increment per move starting from move 1"]
[WhiteTitle "GM"]
[BlackTitle "GM"]
[WhiteFideId "5021596"]
[BlackFideId "25006479"]
[WhiteElo "2620"]
[BlackElo "2491"]

1. d4 Nf6 2. c4 c6 3.
Nc3 d5 4. Nf3 dxc4 5. e4 b5 6. Be2 e6 7. O-O Bb7 8. Rb1 Nbd7 9. b3 Bb4 10.
Qc2 Bxc3 11. Qxc3 Nxe4 12. Qc2 c5 13. bxc4 b4 14. dxc5 a5 15. a3 Nc3 16. axb4 Nxb1 17. c6 Bxc6 18. b5 Bb7 19. Qxb1 Qe7 20. Qd3 Nc5 21. Qe3 O-O 22. Ba3 Rfc8 23.
Ne5 Qc7 24. Bh5 g6 25. Be2 Ne4 26. Ng4 h5 27. b6 Qd8 28. Rd1 Qe8 29. Nh6+ Kh7 30. f3 Nf6 31. Qf4 e5 32. Qxf6 Kxh6 33. c5 Rc6 34. Qh4 g5 35. Qe1 Qe7 36. Bb5 Rd8 37. Bxc6 Rxd1 38. Qxd1 Bxc6 39. Qd6+ Qe6 40. Bb2 Kg6 41. Qxe6+ 1/2-1/2

[Event "elllobregat Open Chess TnmT- 2nd Edition 2021"]
[Site "Castelldefels, Spain"]
[Date "2021.12.06"]
[Round "7.6"]
[White "Van Foreest, Lucas"]
[Black "Yuffa, Daniil"]
[Result "1/2-1/2"]
[TimeControl "90min/40moves + 30min/end + 30sec increment per move starting from move 1"]
[WhiteTitle "GM"]
[BlackTitle "GM"]
[WhiteFideId "1039792"]
[BlackFideId "24131423"]
[WhiteElo "2532"]
[BlackElo "2567"]

1. d4 d5 2. c4 c6 3. Nf3 Nf6 4. cxd5 cxd5 5. Nc3 Nc6 6. Bf4 Nh5 7. Bd2 Nf6 8. e3 g6 9. Ne5 Bd7 10. f4 Bg7 11.
Be2 O-O 12. O-O e6 13. Rc1 a6 14. Bd3 Rc8 15. Na4 Nxe5 16. Rxc8 Bxc8 17. fxe5 Nd7 18. Bb4 Re8 19. Nc5 f5 20. exf6 Nxf6 21. Bc3 Rf8 22.
Qe1 a5 23. Nb3 b6 24. Nd2 Bd7 25.
Qg3 1/2-1/2

[Event "elllobregat Open Chess TnmT- 2nd Edition 2021"]
[Site "Castelldefels, Spain"]
[Date "2021.12.06"]
[Round "7.7"]
[White "Fier, Alexandr"]
[Black "Muradli, Mahammad"]
[Result "0-1"]
[TimeControl "90min/40moves + 30min/end + 30sec increment per move starting from move 1"]
[WhiteTitle "GM"]
[BlackTitle "IM"]
[WhiteFideId "2107139"]
[BlackFideId "13409301"]
[WhiteElo "2563"]
[BlackElo "2501"]

1. e4 c5 2. Nf3 d6 3. d4 cxd4 4. Nxd4 Nf6 5. Nc3 a6 6.
Bg5 e6 7. f4 h6 8. Bh4 Qb6 9.
a3 Nbd7 10. Bf2 Qc7 11. Qf3 b5 12.
O-O-O Rb8 13. g4 b4 14. axb4 Rxb4 15. h4 e5 16. Rg1 exd4 17. Rxd4 Rxd4 18. Bxd4 Nb6 19. g5 hxg5 20. hxg5 Nfd7 21. g6 f6 22. Bh3 Bb7 23. Re1 Kd8 24. Bf5 Qc4 25. Rd1 Kc7 26. Bg1 Kb8 27. b3 Qc7 28. Nd5 Bxd5 29. exd5 Nc5 30. Kb1 Be7 31. Qc3 Rh5 32. Bxc5 dxc5 33. Qd3 Bd6 34. Re1 Ka7 35. c4 Bxf4 36. Re8 Rh1+ 37. Kc2 Rc1+ 38. Kb2 Nxc4+ 39. bxc4 Qb6+ 40. Ka2 Qa5+ 41. Kb2 Qb4+ 42. Ka2 Qa4+ 43. Kb2 Qxe8 0-1

[Event "elllobregat Open Chess TnmT- 2nd Edition 2021"]
[Site "Castelldefels, Spain"]
[Date "2021.12.06"]
[Round "7.8"]
[White "Pantzar, Milton"]
[Black "Fedorchuk, Sergey A."]
[Result "1/2-1/2"]
[TimeControl "90min/40moves + 30min/end + 30sec increment per move starting from move 1"]
[WhiteTitle "IM"]
[BlackTitle "GM"]
[WhiteFideId "1721003"]
[BlackFideId "14102536"]
[WhiteElo "2441"]
[BlackElo "2594"]

1. d4 Nf6 2. c4 e6 3. Nf3 d5 4. g3 Bb4+ 5. Bd2 Be7 6. Bg2 O-O 7. Qc2 Nbd7 8. O-O c6 9. b4 Ne4 10.
Be1 f5 11. Nc3 Bf6 12. Rc1 Nb6 13. cxd5 cxd5 14. Ne5 Bd7 15. Nxe4 dxe4 16. Qb3 Kh8 17. b5 Nd5 18. Bb4 Nxb4 19.
Qxb4 a6 20. bxa6 bxa6 21. Nxd7 Qxd7 22. e3 a5 23. Qc4 a4 24. Qc6 Qe7 25. Rc4 a3 26. Rb1 Rab8 27. Rb6 h5 28. Bf1 Rfe8 29.
Rc5 h4 30. Bc4 Rxb6 31. Qxb6 Kh7 32. Kg2 Kh6 33. Rc6 Qf7 34. Rxe6 Rxe6 35. Qxe6 Qxe6 36. Bxe6 g6 37. g4 Kg5 38.
h3 Be7 39. gxf5 gxf5 40. Kf1 Kf6 41. Bd5 Bd6 42. Ke2 Bh2 43. f3 exf3+ 44. Bxf3 Bg1 45. Kd3 Bf2 46. Bb7 Bg1 47. Bc8 Bf2 48.
Ke2 Bg1 49. Kf3 Bh2 50. Ke2 1/2-1/2